 Dungeon Crawl Stone Soup version 0.30.0-17-ge0270778cf (webtiles) character file.

Game seed: 16214234249623784517

207 Aldia the Cudgeller (level 5, -5/48 HPs)
             Began as an Armataur Warper on May 21, 2023.
             Slain by an orc wizard
             ... wielding a +1 dagger of electrocution
              (8 damage)
             ... on level 2 of the Dungeon.
             The game lasted 00:03:42 (1768 turns).

Aldia the Cudgeller (Armataur Warper)               Turns: 1768, Time: 00:03:43

Health: -5/48      AC: 19    Str: 18    XL:     5   Next: 54%
Magic:  8/8        EV:  6    Int: 14    God:
Gold:   31         SH:  0    Dex:  9    Spells: 6/8 levels left

rFire   . . .        e - +0 flail (protect)
rCold   . . .        (no shield)
rNeg    . . .        i - +4 chain mail
rPois   .            (no helmet)
rElec   .            (no cloak)
rCorr   .            (no gloves)
SInv    .            (no barding)
Will    .....        (no amulet) Stlth
                     (no ring)
HPRegen 0.28/turn    (no ring)
MPRegen 0.11/turn

%: roll
@: under a protective aura, attractive
A: large, rugged brown scales 3, deformed body, armoured tail, roll, long
tongue, awkward tongue
a: no special abilities


You were on level 2 of the Dungeon.
You visited 1 branch of the dungeon, and saw 3 of its levels.

You collected 31 gold pieces.

Inventory:

Hand Weapons
 a - a +0 mace
 e - a +0 flail of protection (weapon)
Missiles
 d - 7 boomerangs of dispersal (quivered)
Armour
 b - a +0 leather armour
 i - a +4 chain mail (worn)
Scrolls
 c - a scroll of blinking
 f - a scroll of teleportation {unknown}
 g - a scroll of enchant weapon {unknown}
 h - 3 scrolls of identify
 k - a scroll of magic mapping {unknown}
Potions
 m - a potion of lignification {unknown}


   Skills:
 + Level 3.0 Fighting
 * Level 3.9 Maces & Flails
 - Level 0.8 Throwing
 + Level 3.3 Armour
 - Level 1.4 Dodging
 - Level 2.0 Spellcasting
 - Level 3.0 Translocations


You had 6 spell levels left.
You knew the following spells:

 Your Spells              Type           Power      Damage    Failure   Level
a - Blink                 Tloc           18%        N/A       67%         2

Your spell library contained the following spells:

 Spells                   Type           Power      Damage    Failure   Level
 Lesser Beckoning         Tloc           18%        N/A       67%         2
 Teleport Other           Tloc           9%         N/A       88%         3
 Vhi's Electric Charge    Tloc/Air       10%        N/A       98%         3
 Manifold Assault         Tloc           9%         N/A       99%         4
 Stone Arrow              Conj/Erth      2%         3d7       100%        3
 Summon Guardian Golem    Hex/Summ       1%         N/A       100%        3
 Animate Armour           Summ/Erth      2%         N/A       100%        4
 Orb of Destruction       Conj           0%         9d5       100%        7
 Spellforged Servitor     Conj/Summ      0%         N/A       100%        7
 Lehudib's Crystal Spear  Conj/Erth      0%         10d2      100%        8


Dungeon Overview and Level Annotations

Branches:
Dungeon (3/15)

Altars:
Wu Jian


Innate Abilities, Weirdness & Mutations

You are completely covered in rugged brown scales. (AC +3, +7% HP)
Armour fits poorly on your strangely shaped body.
You have a long armoured tail.
You roll when moving toward enemies. (Rampage)
Your long tongue fully drains potion bottles. (2x potion effects)
Your tongue gives you trouble enunciating. (1.5x scroll delay)


Message History

* * * LOW HITPOINT WARNING * * *
You feel better.
You slurp down every last drop of the potion of curing!
The orc hits you with a +0 club.
The orc wizard hits you with a +1 dagger of electrocution.
You closely miss the orc wizard. The orc hits you with a +0 club.
The orc wizard points at you and mumbles some strange words.
The magic dart hits you.
You closely miss the orc wizard. The orc completely misses you.
The orc wizard hits you with a +1 dagger of electrocution.
You closely miss the orc wizard. The orc hits you with a +0 club.
* * * LOW HITPOINT WARNING * * *
The orc wizard barely misses you.
You barely miss the orc wizard. You tail-slap the orc wizard.
The orc wizard is moderately wounded.
The orc hits you but does no damage.
The orc wizard gestures at you while chanting.
You resist with some effort. The orc barely misses you.
The orc wizard gestures wildly while chanting.
The orc wizard flickers and vanishes!
Deactivating autopickup; reactivate with Ctrl-A.
Unknown command.
Unknown command.
You closely miss the orc.
You tail-slap the orc, but do no damage.
The orc is moderately wounded.
The orc hits you but does no damage. Something hits you.
* * * LOW HITPOINT WARNING * * *
You hit the orc.
Your weapon exudes an aura of protection.
The orc is severely wounded.
The orc hits you but does no damage. Something hits you but does no damage.
You are electrocuted!
* * * LOW HITPOINT WARNING * * *
It was a potion of attraction.
You feel attractive to monsters.
You slurp down every last drop of the potion of attraction!
The orc hits you but does no damage. Something hits you but does no damage.
You are electrocuted!
You die...

####'##### #.#
#...# #.# ###.##
#.# #..###
####+##
##...#####.....#
###.....#.....#
#####.#.....#
##.#o....#
#..@.....#
###{.....#
#......#
#......#
#......#
#.###### #.# #.#
#.#


You could see an orc.

Vanquished Creatures
  Sigmund (D:2)
  A worm (D:2)
  A dart slug (D:2)
  5 endoplasms
  2 giant cockroaches (D:1)
  5 goblins
  2 hobgoblins
  3 jackals (D:1)
  3 quokkas (D:1)
  4 ball pythons
  5 bats
  A frilled lizard (D:1)
  5 kobolds
  3 rats
41 creatures vanquished.

Notes
Turn   | Place    | Note
-------+----------+-------------------------------------------
     0 | D:1      | Aldia the Armataur Warper began the quest for the Orb.
     0 | D:1      | Reached XP level 1. HP: 18/18 MP: 3/3
   139 | D:1      | Reached XP level 2. HP: 7/25 MP: 4/4
   250 | D:1      | Learned a level 2 spell: Blink
  1037 | D:2      | Reached XP level 3. HP: 31/31 MP: 6/6
  1049 | D:2      | Noticed Sigmund
  1057 | D:2      | Killed Sigmund
  1058 | D:2      | Reached XP level 4. HP: 27/39 MP: 7/7
  1058 | D:2      | Reached XP level 5. HP: 33/47 MP: 8/8
  1270 | D:2      | Found an ornate altar of the Wu Jian Council.
  1767 | D:2      | HP: 2/48 [something (9)]
  1768 | D:2      | Slain by an orc wizard

Illustrated notes

Levels and vault maps discovered:
D:1:      dpeg_arrival_oval, layout_basic, minmay_misc_feat_hallway,
          kennysheep_decorative_pillar
D:2:      layout_basic, basic_altar, uniq_sigmund
D:3:      layout_loops_ring, uniq_ijyb, uniq_natasha

Skill      XL: |  1  2  3  4  5 |
---------------+----------------+-----
Maces & Flails | 2 3 |  3.9
Fighting       | 2 3 |  3.0
Spellcasting   | 2 |  2.0
Armour         | 3 |  3.3
Throwing       | |  0.8
Dodging        | |  1.4
Translocations | |  3.0

Action                     |  1- 3 |  4- 6 || total
---------------------------+-------+-------++-------
  Melee: Flail             |    68 |    43 ||   111
         Mace              |     5 |       ||     5
         Tailslap          |     6 |     5 ||    11
    Use: Scroll            |     1 |       ||     1
         Potion            |       |     2 ||     2
 Armour: Leather armour    |    37 |       ||    37
         Chain mail        |    16 |    41 ||    57
  Dodge: Dodged            |    44 |    12 ||    56
